 Dungeon Crawl Stone Soup version 0.27.1-16-g815e20cd7a (webtiles) character file.

Game seed: 363668239384431046

75 bellerephron the Skirmisher (level 4, 0/35 HPs)
             Began as a Demonspawn Fighter on Nov 22, 2021.
             Killed from afar by Sigmund (2 damage)
             ... with a puff of flame
             ... on level 2 of the Dungeon.
             The game lasted 00:03:41 (2041 turns).

bellerephron the Skirmisher (Demonspawn Fighter)    Turns: 2041, Time: 00:03:42

Health: 0/35       AC: 10    Str: 17    XL:     4   Next: 11%
Magic:  3/3        EV:  6    Int:  7    God:
Gold:   72         SH: 13    Dex: 15    Spells: 3/3 levels left

rFire    + . .     SeeInvis .   a - +0 rapier
rCold    + . .     Faith    .   c - +0 kite shield
rNeg     . . .     Spirit   .   l - +0 chain mail
rPois    +         Reflect  .   (no helmet)
rElec    +         Harm     .   (no cloak)
rCorr    +         Rampage  .   e - +0 pair of gloves
Will     .....                  (no boots)
Stlth    ..........             (no amulet)
HPRegen  0.11/turn              (no ring)
MPRegen  0.08/turn              (no ring)

@: resistant
A: repulsion field 1, demonic guardian 1, large bone plates 1, agile 1, dopey 1,
low mp 1
a: no special abilities


You were on level 2 of the Dungeon.
You visited 1 branch of the dungeon, and saw 3 of its levels.

You collected 72 gold pieces.

Inventory:

Hand Weapons
 a - a +0 rapier (weapon)
Missiles
 f - 41 stones
 g - 10 poisoned darts (quivered)
Armour
 b - a +0 scale mail
 c - a +0 kite shield (worn)
 e - a +0 pair of gloves (worn)
 l - a +0 chain mail (worn)
Scrolls
 k - 3 scrolls of acquirement {unknown}
Potions
 d - a potion of might
 i - a potion of mutation


   Skills:
 + Level 3.5 Fighting
 + Level 2.5 Short Blades
 + Level 3.0 Armour
 + Level 0.7 Dodging
 + Level 0.2 Stealth
 * Level 3.1 Shields


You had 3 spell levels left.
You didn't know any spells.
Your spell library was empty.

Dungeon Overview and Level Annotations

Branches:
Dungeon (3/15)

Altars:

Annotations:
D:2 Sigmund


Innate Abilities, Weirdness & Mutations

You are surrounded by a mild repulsion field. (EV +2)
A weak demonic guardian rushes to your aid.
You are partially covered in large bone plates. (SH +4)
You are agile. (Dex +2)
You are dopey. (Int -2)
Your magical capacity is low. (-10% MP)


Message History

You hear some strange, mumbled words.
A magic dart appears from out of thin air!
The magic dart hits you.
You barely miss something. Something hits you but does no damage.
You miss something. Something hits you.
You closely miss something. Something hits you but does no damage.
You miss something. Something hits you but does no damage.
You hit something. Something hits you!
* * * LOW HITPOINT WARNING * * *
A demonic guardian appears!
You closely miss something.
Sigmund appears from thin air!
Reactivating autopickup.
Sigmund hits you with a +0 scythe!
* * * LOW HITPOINT WARNING * * *
Unknown command.
It was a potion of mutation.
You feel extremely strange.
You feel less energetic.
You feel agile.
You feel stupid.
Large bone plates grow over parts of your arms.
It was a potion of cancellation.
You feel magically purged. Sigmund barely misses you.
Your shadow imp hits Sigmund.
It was a potion of resistance.
You feel protected.
Your shadow imp barely misses Sigmund.
Sigmund hits your shadow imp with a +0 scythe!
You hit Sigmund.
Sigmund is heavily wounded.
Your shadow imp closely misses Sigmund.
Unknown command.
You barely miss Sigmund.
Sigmund is heavily wounded.
You block Sigmund's attack.
Your shadow imp hits Sigmund but does no damage.
Your shadow imp gestures at Sigmund.
Sigmund writhes in agony.
Unknown command.
You hit Sigmund but do no damage.
Sigmund is severely wounded.
Sigmund gestures at you while chanting. The puff of flame hits you. You resist.
You die...

#...# #.#.#...##.......
#####...#######.#.##..##.#.##..
#....†............##.......##..
#.................###.##.####..
#.....##..........# #..#.####..
#.....#########.#.# ##.#.....##
#.....# #######.#.# #.......#
#.....# #.........#####......#
#.....# #.....@@........>....#
####### #.....5..########....#
###### #######'####......(..#
.....# ##### #)#....####....#
.....# #...# #.#.#######....##
.....# #...# #.#.# #........#
.....# #...# #.#.# #........#
.....# #...# #.#.# #........#
.....######...###.#.#
#........#


You could see Sigmund (ally target) and a friendly shadow imp (summoned).

Vanquished Creatures
  Natasha (twice) (D:2)
  A dart slug (D:2)
  3 bats
  An endoplasm (D:1)
  5 giant cockroaches
  2 goblins
  6 hobgoblins
  3 kobolds
  A quokka (D:1)
  A ball python (D:2)
  2 frilled lizards (D:1)
  A rat (D:1)
28 creatures vanquished.

Vanquished Creatures (collateral kills)
  An endoplasm (D:1)
1 creature vanquished.

Grand Total: 29 creatures vanquished

Notes
Turn   | Place    | Note
-------+----------+-------------------------------------------
     0 | D:1      | bellerephron the Demonspawn Fighter began the quest for the
                  | Orb.
     0 | D:1      | Reached XP level 1. HP: 18/18 MP: 1/1
   154 | D:1      | Gained mutation: A weak demonic guardian rushes to your
                  | aid. [demonic ancestry]
   154 | D:1      | Reached XP level 2. HP: 21/24 MP: 2/2
   273 | D:1      | Found a faded altar of an unknown god.
  1125 | D:2      | Noticed Natasha
  1135 | D:2      | Killed Natasha
  1136 | D:2      | Gained mutation: You are surrounded by a mild repulsion
                  | field. (EV +2) [demonic ancestry]
  1136 | D:2      | Reached XP level 3. HP: 16/29 MP: 3/3
  1463 | D:2      | Noticed Natasha
  1470 | D:2      | Killed Natasha
  1471 | D:2      | Reached XP level 4. HP: 20/35 MP: 4/4
  1783 | D:2      | Noticed Sigmund
  2036 | D:2      | Gained mutation: Your magical capacity is low. (-10% MP)
                  | [potion of mutation]
  2036 | D:2      | Gained mutation: You are agile. (Dex +2) [potion of
                  | mutation]
  2036 | D:2      | Gained mutation: You are dopey. (Int -2) [potion of
                  | mutation]
  2036 | D:2      | Gained mutation: You are partially covered in large bone
                  | plates. (SH +4) [potion of mutation]
  2041 | D:2      | Killed from afar by Sigmund

Illustrated notes

Levels and vault maps discovered:
D:1:      scummos_arrival_simple_crosswalls, layout_basic,
          basic_ecumenical_altar
D:2:      layout_basic, kennysheep_generic_room_12, uniq_sigmund, uniq_natasha
D:3:      layout_basic, grunt_temple_overflow_order_and_chaos_2

Skill      XL: |  1  2 |
---------------+-------+-----
Short Blades   | 2 |  2.5
Armour         | 3 |  3.0
Shields        | 3 |  3.1
Fighting       | |  3.5
Dodging        | |  0.7
Stealth        | |  0.2

Action                   |  1- 3 |  4- 6 || total
-------------------------+-------+-------++-------
Melee: Rapier            |    96 |    19 ||   115
Throw: Dart              |     3 |     4 ||     7
  Use: Potion            |       |     3 ||     3
 Stab: Distracted        |     1 |       ||     1
Armor: Scale mail        |    48 |       ||    48
       Chain mail        |       |     8 ||     8
Dodge: Dodged            |    22 |     4 ||    26
Block: Kite shield       |    38 |     6 ||    44
